 Dungeon Crawl Stone Soup version 0.29.1-15-g9cfb28693d (console) character file.

Game seed: 10895649777983003920

58732 Jod the Shatterer (level 14, -8/124 HPs)
             Began as a Minotaur Fighter on Apr 14, 2023.
             Was a High Priest of the Shining One.
             Mangled by Mlioglotl (15 damage)
             ... on level 2 of the Lair of Beasts on Sept 15, 2023.
             The game lasted 03:04:35 (15789 turns).

Jod the Shatterer (Minotaur Fighter)               Turns: 15789, Time: 03:04:36

Health: -8/124     AC: 17    Str: 31    XL:     14   Next: 50%
Magic:  17/17      EV: 14    Int: 11    God:    the Shining One [*****.]
Gold:   1480       SH: 11    Dex: 11    Spells: 13/13 levels left

rFire   . . .      SeeInvis +   a - +6 whip {venom, Int+3 SInv}
rCold   + . .      Faith    .   c - +0 buckler
rNeg    + + +      Spirit   .   K - +1 ring mail "Fistrenge" {rPois rC+ Int+3}
rPois   +          Reflect  +   (helmet restricted)
rElec   .          Harm     .   G - +0 cloak
rCorr   +          Rampage  .   j - +2 pair of gloves
Will    +....                   (no boots)
Stlth   ..........              l - amulet "Rawuz" {Reflect rN+ rCorr SH+5}
HPRegen 0.30/turn               q - +6 ring of strength
MPRegen 0.15/turn               B - +4 ring of protection

@: afraid, glowing
A: horns 2, retaliatory headbutt
a: Renounce Religion, Divine Shield, Cleansing Flame, Summon Divine Warrior


You were on level 2 of the Lair of Beasts.
You worshipped the Shining One.
The Shining One was extremely pleased with you.
You visited 4 branches of the dungeon, and saw 21 of its levels.

You collected 1480 gold pieces.

Inventory:

Hand Weapons
 a - the +6 whip of the Onslaught (weapon) {venom, Int+3 SInv}
   (You found it on level 3 of the Dungeon)

   It poisons the flesh of those it strikes.
   Int:       It affects your intelligence (+3).
   SInv:      It lets you see invisible.
 b - a +0 broad axe
 F - a +1 demon whip of venom
 M - a +3 vorpal battleaxe
Missiles
 L - a throwing net (quivered)
Armour
 c - a +0 buckler (worn)
 j - a +2 pair of gloves (worn)
 y - a +0 kite shield
 C - +0 acid dragon scales
 G - a +0 cloak (worn)
 K - the +1 ring mail "Fistrenge" (worn) {rPois rC+ Int+3}
   (You found it on level 1 of the Lair of Beasts)

   Int:       It affects your intelligence (+3).
   rC:        It protects you from cold.
   rPois:     It protects you from poison.
 O - a +2 chain mail of fire resistance
Jewellery
 i - a ring of see invisible
 l - the amulet "Rawuz" (around neck) {Reflect rN+ rCorr SH+5}
   (You acquired it on level 13 of the Dungeon)

   [amulet of reflection]

   It reflects blocked missile attacks.
   rN:        It protects you from negative energy.
   rCorr:     It protects you from acid and corrosion.
   SH:        It affects your SH (+5).
 m - a +6 ring of intelligence
 q - a +6 ring of strength (left hand)
 B - a +4 ring of protection (right hand)
Wands
 g - a wand of mindburst (15)
 w - a wand of digging (5)
 A - a wand of paralysis (8)
 D - a wand of acid (4)
 N - a wand of roots (10)
 P - a wand of polymorph (6)
Scrolls
 h - 2 scrolls of vulnerability
 k - 2 scrolls of poison
 n - a scroll of fear
 o - 3 scrolls of fog
 r - 4 scrolls of enchant weapon
 t - 5 scrolls of amnesia
 v - 6 scrolls of magic mapping
 H - 4 scrolls of teleportation
 I - 2 scrolls of summoning
 Q - 3 scrolls of identify
 S - a scroll of torment {unknown}
Potions
 d - 3 potions of might
 e - 3 potions of haste
 f - 3 potions of heal wounds
 p - 10 potions of curing
 s - 2 potions of brilliance
 u - 2 potions of lignification
 x - 2 potions of attraction
 z - 2 potions of mutation
 E - 4 potions of cancellation
 J - 2 potions of ambrosia
 R - a potion of flight {unknown}


   Skills:
 - Level 11.0 Fighting
 - Level 5.5(14.8) Axes
 + Level 21.0(21.2) Maces & Flails
 - Level 10.0 Armour
 - Level 10.3 Dodging
 + Level 10.5 Shields
 + Level 6.2 Invocations


You had 13 spell levels left.
You didn't know any spells.
Your spell library contained the following spells:

 Spells                   Type           Power      Damage    Failure   Level
 Beastly Appendage        Tmut           0%         N/A       50%         1
 Freeze                   Ice            0%         1d3       50%         1
 Magic Dart               Conj           0%         1d3       50%         1
 Call Imp                 Summ           0%         N/A       65%         2
 Searing Ray              Conj           0%         2d4       65%         2
 Wereblood                Tmut           0%         N/A       65%         2
 Frozen Ramparts          Ice            0%         1d1       86%         3
 Gell's Gravitas          Tloc           0%         N/A       86%         3
 Ignite Poison            Fire/Tmut/Pois 0%         N/A       86%         3
 Lesser Beckoning         Tloc           0%         N/A       86%         3
 Mephitic Cloud           Conj/Pois/Air  0%         N/A       86%         3
 Spider Form              Tmut/Pois      0%         N/A       86%         3
 Teleport Other           Tloc           0%         N/A       86%         3
 Fulminant Prism          Conj/Hex       0%         3d6       99%         4
 Hailstorm                Conj/Ice       0%         3d3       99%         4
 Freezing Cloud           Conj/Ice/Air   0%         6-21      100%        5


Dungeon Overview and Level Annotations

Branches:
Dungeon (14/15)            Temple (1/1) D:4            Lair (5/5) D:11
 Shoals (0/4) Lair:2       Spider (1/4) Lair:2        Slime (0/5) Lair:4
    Orc (0/2) D:9          Vaults (0/5) D:13

Altars:
Ashenzari
Cheibriados
Dithmenos
Elyvilon
Fedhas
Gozag
Hepliaklqana
Kikubaaqudgha
Makhleb
Nemelex Xobeh
Okawaru
Qazlal
Ru
Sif Muna
Trog
Uskayaw
Vehumet
Wu Jian
Xom
Zin
The Shining One

Shops:
D:4 *   D:6 *   D:11 :   D:12 *

Annotations:
D:5 3 runed translucent doors, ArizonaTea's ghost, novice VSFi
D:8 exclusion: downstairs
D:14 3 runed translucent doors
Lair:1 exclusion: 3 downstairs
Lair:2 !Danger zone, Mlioglotl


Innate Abilities, Weirdness & Mutations

You have a pair of horns on your head.
You reflexively headbutt those who attack you in melee.


Message History

Mlioglotl is lightly wounded.
Mlioglotl hits you. Mlioglotl misses you.
You hit Mlioglotl. You headbutt Mlioglotl.
Mlioglotl is moderately wounded.
Mlioglotl churns violently!
Mlioglotl radiates an aura of fear!
You are terrified of Mlioglotl!
You attempt to attack Mlioglotl, but flinch away in fear!
You hit Mlioglotl. You headbutt Mlioglotl.
Mlioglotl is moderately wounded.
Mlioglotl hits you but does no damage. Mlioglotl tramples you!!
You stumble backwards!
You hit Mlioglotl but do no damage.
Mlioglotl is moderately wounded.
Mlioglotl barely misses you. Mlioglotl tramples you!!
* * * LOW HITPOINT WARNING * * *
You stumble backwards!
You attempt to attack Mlioglotl, but flinch away in fear!
You attempt to attack Mlioglotl, but flinch away in fear!
You block Mlioglotl's attack. Mlioglotl barely misses you.
You whack Mlioglotl!
Mlioglotl is moderately wounded.
Mlioglotl hits you but does no damage. Mlioglotl tramples you!!
* * * LOW HITPOINT WARNING * * *
You stumble backwards!
You feel much better. Mlioglotl misses you. You block Mlioglotl's attack.
You feel much better. You block Mlioglotl's attack. Mlioglotl tramples you!!
* * * LOW HITPOINT WARNING * * *
You stumble backwards!
Mlioglotl churns violently!
Mlioglotl corrupts the dungeon around him!
You attempt to attack Mlioglotl, but flinch away in fear!
Aiming: Corrosive Bolt
Press: ? - help, Shift-Dir - straight line, f - Mlioglotl
Aim: Mlioglotl (moderately wounded, strong, inspiring fear, haloed, 93% to hit)
The bolt of acid hits Mlioglotl.
The acid corrodes Mlioglotl!
Mlioglotl is moderately wounded.
Mlioglotl closely misses you. You furiously retaliate!
You headbutt Mlioglotl! Mlioglotl tramples you!!
* * * LOW HITPOINT WARNING * * *
You hold your ground!
Mlioglotl hits you!
You die...

.......##.......#........###..P##
.......##....#.#^#.......†.#...##
.........#....#.#.#......###....#
..>.....###...##.#.##..†.##......
..........###..#...###.###.......
...........## #.....##.#.........
............###.....##...........
...............#...###...........
...........#..##.>#.#...........#
.....(.........##.##.............
..............).@................
.................X...............
.....................#....#......
.......................#.........
..............X....##...........P
........P..........<............#
..........................<......
.................................
..................P.............~
...........................)....~
................................~


You could see Mlioglotl (strong, scary, corroded) and a large abomination
(summoned).

Vanquished Creatures
  An azure jelly (Lair:4)
  An ironbound preserver (D:13)
  A spark wasp (Spider:1)
  A dire elephant (Lair:5)
  An ice dragon (Lair:1)
  Erolcha (D:11)
  4 hydras
  3 centaur warriors
  A two-headed ogre (D:12)
  3 catoblepae
  A boulder beetle (D:14)
  3 tengu warriors
  5 death yaks
  Amaemon (D:9)
  A pharaoh ant (Lair:2)
  A goliath frog (shapeshifter) (D:13)
  A deep elf pyromancer (D:13)
  4 ugly things
  2 manticores
  4 oklob plants (Lair:4)
  An ice statue (Lair:2)
  A black mamba (Lair:5)
  8 elephants
  13 cane toads
  A storm dragon simulacrum (D:14)
  An orange demon (D:9)
  2 rime drakes
  An efreet (D:13)
  8 komodo dragons
  An unseen horror (D:10)
  3 ice devils (Lair:2)
  A troll (D:14)
  2 polar bears
  A wind drake (Lair:2)
  16 slime creatures
  A jumping spider (Spider:1)
  2 vampires
  3 wraiths
  4 culicivoras (Lair:2)
  2 wyverns
  2 basilisks
  A shadow (D:12)
  56 yaks
  Eustachio (D:8)
  2 vampire mosquitoes (D:11)
  A death yak simulacrum (Lair:2)
  6 acid dragons
  6 water moccasins
  2 black bears
  2 ice beasts (D:6)
  4 orc warriors
  4 ogres
  7 centaurs
  17 wolves
  3 kobold brigands
  3 phantoms
  15 bullfrogs
  3 gnoll sergeants (D:8)
  5 scorpions
  A two-headed ogre simulacrum (Lair:2)
  6 wights
  6 killer bees (D:7)
  3 howler monkeys
  3 hounds
  6 jellies
  6 orc priests
  3 iguanas
  10 orc wizards
  A polar bear simulacrum (Lair:2)
  9 gnolls
  8 adders
  A shadow imp (D:6)
  2 white imps (Lair:2)
  2 worms
  2 dart slugs
  25 orcs
  2 bats (D:1)
  6 endoplasms
  A giant cockroach (D:2)
  3 goblins
  5 hobgoblins
  5 jackals
  23 kobolds
  4 quokkas
  2 ball pythons
  A frilled lizard (D:2)
  4 rats (D:2)
402 creatures vanquished.

Vanquished Creatures (collateral kills)
  3 death yaks (Lair:5)
  A deep troll shaman (Lair:5)
  A steelbarb worm (Spider:1)
  A demonic crawler (Spider:1)
6 creatures vanquished.

Vanquished Creatures (others)
  8 fungi
  13 plants
21 creatures vanquished.

Grand Total: 429 creatures vanquished

Notes
Turn   | Place    | Note
-------+----------+-------------------------------------------
     0 | D:1      | Jod the Minotaur Fighter began the quest for the Orb.
     0 | D:1      | Reached XP level 1. HP: 19/19 MP: 0/0
   318 | D:1      | Reached XP level 2. HP: 26/26 MP: 1/1
   618 | D:2      | Reached XP level 3. HP: 27/31 MP: 2/2
   687 | D:2      | Reached skill level 5 in Axes
   705 | D:2      | HP: 1/31 [poisoned by an adder]
  1045 | D:2      | Reached XP level 4. HP: 39/39 MP: 3/3
  1379 | D:3      | Identified the +6 whip of the Onslaught {venom, Int+3 SInv}
  1410 | D:3      | Reached skill level 1 in Maces & Flails
  1456 | D:4      | Reached skill level 2 in Maces & Flails
  1471 | D:4      | Found a staircase to the Ecumenical Temple.
  1486 | Temple   | Entered the Ecumenical Temple
  1593 | Temple   | Became a worshipper of the Shining One
  1757 | D:4      | Noticed a scorpion
  1765 | D:4      | Killed a scorpion
  1766 | D:4      | Reached skill level 3 in Maces & Flails
  1766 | D:4      | Reached XP level 5. HP: 45/45 MP: 4/4
  1769 | D:4      | Found a bloodstained altar of Trog.
  1769 | D:4      | Found a blossoming altar of Fedhas.
  1773 | D:4      | Found Ofeokk's General Store.
  1804 | D:4      | Reached skill level 4 in Maces & Flails
  1894 | D:4      | Reached skill level 5 in Maces & Flails
  1894 | D:4      | Reached XP level 6. HP: 43/51 MP: 5/5
  2053 | D:5      | Entered Level 5 of the Dungeon
  2085 | D:5      | Reached skill level 6 in Maces & Flails
  2312 | D:5      | Reached skill level 7 in Maces & Flails
  2366 | D:5      | Reached XP level 7. HP: 50/57 MP: 6/6
  2481 | D:5      | Reached skill level 8 in Maces & Flails
  2640 | D:5      | Found a runed translucent gate.
  2640 | D:5      | Found a runed translucent gate.
  2640 | D:5      | Found a runed translucent gate.
  2641 | D:5      | Noticed ArizonaTea's ghost (novice VSFi)
  2728 | D:5      | Reached skill level 9 in Maces & Flails
  2902 | D:6      | Reached * piety under the Shining One
  2915 | D:6      | Reached XP level 8. HP: 64/64 MP: 7/7
  2928 | D:6      | Reached skill level 10 in Maces & Flails
  3121 | D:6      | Reached skill level 11 in Maces & Flails
  3322 | D:6      | Found Feacw's Lightly-Used Armoury.
  3327 | D:6      | Reached skill level 12 in Maces & Flails
  3743 | D:7      | Reached XP level 9. HP: 59/70 MP: 8/8
  3744 | D:7      | Reached skill level 13 in Maces & Flails
  3894 | D:7      | Reached skill level 14 in Maces & Flails
  4427 | D:8      | Noticed Eustachio
  4452 | D:8      | Killed Eustachio
  4453 | D:8      | Reached skill level 15 in Maces & Flails
  4955 | D:8      | Reached ** piety under the Shining One
  5141 | D:9      | Noticed Amaemon
  5141 | D:9      | Noticed an orange demon
  5243 | D:9      | Found a staircase to the Orcish Mines.
  5322 | D:9      | Reached skill level 5 in Fighting
  5332 | D:9      | Reached XP level 10. HP: 80/81 MP: 9/9
  5401 | D:9      | Killed Amaemon
  5402 | D:9      | Reached skill level 16 in Maces & Flails
  5409 | D:9      | Killed an orange demon
  5536 | D:10     | Entered Level 10 of the Dungeon
  6388 | D:11     | Found Duihet's Self-Improvement Boutique.
  6402 | D:11     | Found a staircase to the Lair.
  6421 | D:11     | Reached skill level 17 in Maces & Flails
  6431 | Lair:1   | Entered Level 1 of the Lair of Beasts
  6432 | Lair:1   | Identified the +1 ring mail "Fistrenge" {rPois rC+ Int+3}
  6450 | Lair:1   | Noticed a cane toad
  6457 | Lair:1   | Noticed a cane toad
  6474 | Lair:1   | Killed a cane toad
  6475 | Lair:1   | Reached skill level 1 in Dodging
  6481 | Lair:1   | Killed a cane toad
  6482 | Lair:1   | Reached XP level 11. HP: 57/97 MP: 10/10
  6596 | Lair:1   | Reached skill level 5 in Armour
  6855 | Lair:2   | Reached *** piety under the Shining One
  6893 | Lair:2   | Noticed an ice dragon
  6893 | Lair:2   | Noticed a death yak
  7223 | Lair:2   | Found a hole to the Spider Nest.
  7465 | D:11     | Noticed Erolcha
  7485 | D:11     | Killed Erolcha
  7496 | D:11     | Noticed a four-headed hydra
  7507 | D:11     | Killed a four-headed hydra
  7508 | D:11     | Reached skill level 5 in Dodging
  7534 | D:11     | Noticed an eight-headed hydra
  7554 | D:11     | Killed an eight-headed hydra
  7558 | D:11     | Reached skill level 18 in Maces & Flails
  7645 | D:12     | Noticed a two-headed ogre
  7655 | D:12     | Killed a two-headed ogre
  8112 | D:12     | Found Hyasen's Fire Supplies.
  8128 | D:12     | Reached XP level 12. HP: 101/104 MP: 8/11
  8151 | D:12     | Reached **** piety under the Shining One
  8239 | D:13     | Noticed a tengu warrior
  8253 | D:13     | Killed a tengu warrior
  8461 | D:13     | Noticed a tengu warrior
  8461 | D:13     | Noticed a catoblepas
  8465 | D:13     | Noticed an ironbound preserver
  8466 | D:13     | Found a gate to the Vaults.
  8523 | D:13     | HP: 5/104 [ironbound preserver/+0 dire flail (15)]
  8555 | D:13     | Killed an ironbound preserver
  8918 | D:13     | Killed a catoblepas
  8947 | D:13     | Killed a tengu warrior
  9041 | D:13     | Noticed an eight-headed hydra
  9574 | D:13     | Reached skill level 19 in Maces & Flails
  9574 | D:13     | Noticed a centaur warrior
  9596 | D:13     | Killed a centaur warrior
  9663 | D:13     | Noticed a centaur warrior
  9667 | D:13     | Killed a centaur warrior
  9764 | D:14     | Noticed a boulder beetle
  9780 | D:14     | Killed a boulder beetle
  9844 | D:14     | Noticed a five-headed hydra
  9856 | D:14     | Killed a five-headed hydra
  9952 | D:14     | Noticed a centaur warrior
  9961 | D:14     | Killed a centaur warrior
 10093 | D:14     | Noticed a tengu warrior
 10116 | D:14     | Killed a tengu warrior
 10333 | D:14     | Reached skill level 5 in Shields
 10487 | D:14     | Reached XP level 13. HP: 88/112 MP: 12/12
 10617 | D:14     | Found a runed translucent gate.
 10617 | D:14     | Found a runed translucent gate.
 10617 | D:14     | Found a runed translucent gate.
 10706 | D:13     | Identified a scroll of acquirement
 10707 | D:13     | Acquired the amulet "Rawuz" {Reflect rN+ rCorr SH+5}
 11209 | Lair:1   | Reached skill level 10 in Fighting
 11259 | Lair:2   | Reached skill level 10 in Dodging
 11306 | Lair:2   | Found a staircase to the Shoals.
 11682 | Lair:2   | Reached ***** piety under the Shining One
 12409 | Lair:3   | Reached skill level 1 in Invocations
 12425 | Lair:3   | Reached skill level 20 in Maces & Flails
 12869 | Lair:4   | Reached skill level 10 in Armour
 13119 | Lair:4   | Noticed an azure jelly
 13129 | Lair:4   | Killed an azure jelly
 13448 | Lair:4   | Found a staircase to the Slime Pits.
 13941 | Lair:4   | Reached XP level 14. HP: 94/124 MP: 15/15
 14106 | Lair:5   | Entered Level 5 of the Lair of Beasts
 14473 | Lair:5   | Reached skill level 5 in Invocations
 14533 | Lair:5   | Reached skill level 10 in Shields
 15387 | Spider:1 | Entered Level 1 of the Spider Nest
 15390 | Spider:1 | Noticed Mlioglotl
 15412 | Spider:1 | Reached skill level 21 in Maces & Flails
 15789 | Lair:2   | Mangled by Mlioglotl

Illustrated notes

Levels and vault maps discovered:
D:1:      eino_arrival_cavern_d, layout_loops_corners,
          shapermc_ecumenical_altar_mp_highgroup, amcnicky_mini_pool_small
D:2:      layout_basic, minmay_pentomino_x4
D:3:      layout_loops_corners, dk_noncrumbling_3
D:4:      layout_loops_ring, gammafunk_temple_overflow_wave,
          minmay_temple_entry_stoned_glass, serial_shops, shop
D:5:      layout_basic, ebering_ghost_rock_garden
D:6:      layout_basic, minmay_shop_damaged, kennysheep_generic_room_10
D:7:      layout_gridville, st_stairs_12
D:8:      layout_basic, sword_in_stone
D:9:      layout_stronghold, orc_0_dummy, uniq_psyche, uniq_amaemon
D:10:     layout_loops_corners, ebering_ghost_funeral_grove
D:11:     layout_basic, lair_entry_dummy, nicolae_shop_self_help, uniq_erolcha
D:12:     layout_roguey, nicolae_shop_fire_sale [nicolae_sub_dead_trees]
D:13:     layout_gridville, skrybe_vaults_entry_preservation
D:14:     layout_basic, ploomutoo_gammafunk_ghost_potion_laboratory
Temple:   mainiacjoe_temple_cubbyholes
Lair:1:   layout_chaotic_city, beast_lair_carwin_6, grunt_megastairs_2
Lair:2:   dreamdust_isle_of_ice, layout_cave_shapes, minmay_shoals_entry_beasts,
          hellmonk_spider_entry_life_and_decay, gauntlet_entry_generic,
          lemuel_fruit_fields
Lair:3:   layout_roguey
Lair:4:   layout_roguey, minmay_slime_entry_oklob_enclosed,
          nicolae_lair_time_for_slime
Lair:5:   grunt_lair_end_beastmaster, layout_small_grid, grunt_megastairs_1
Spider:1: layout_spider_delve, hellmonk_motheaten_closet,
          hangedman_spider_tarantella_strand, uniq_nikola, uniq_mlioglotl

Skill      XL: |  1  2  3  4  5  6  7  8  9 10 11 12 13 14 |
---------------+-------------------------------------------+-----
Axes           | 3 4 5 |  5.5
Maces & Flails | 3 5 7 9 12 15 17 18 19 20 21 | 21.0
Fighting       | 5 9 11 | 11.0
Armour         | 4 8 9 10 | 10.0
Dodging        | 1 6 9 10 | 10.3
Shields        | 5 8 10 | 10.5
Invocations    | 3 6 |  6.2

Action                   |  1- 3 |  4- 6 |  7- 9 | 10-12 | 13-15 || total
-------------------------+-------+-------+-------+-------+-------++-------
Melee: War axe           |    68 |    16 |     8 |       |       ||    92
       Headbutt          |     6 |    10 |    51 |   166 |   280 ||   513
       Whip              |       |    65 |   198 |   533 |   739 ||  1535
Invok: Divine Shield     |       |       |       |     4 |     3 ||     7
       Summon Divine War |       |       |       |       |     2 ||     2
       Cleansing Flame   |       |       |       |       |     1 ||     1
Evoke: Wand              |       |       |     1 |     4 |     3 ||     8
  Use: Scroll            |       |     3 |     3 |     7 |    10 ||    23
       Potion            |       |       |       |     3 |     7 ||    10
Armor: Scale mail        |    29 |    23 |    37 |       |       ||    89
       Acid dragon scale |       |       |     1 |    32 |       ||    33
       Ring mail         |       |       |       |    92 |   103 ||   195
Dodge: Dodged            |    35 |    15 |    49 |   151 |   165 ||   415
Block: Buckler           |     8 |    16 |    24 |    72 |   171 ||   291
       Reflection        |       |       |       |       |     3 ||     3
